 Dungeon Crawl Stone Soup version 0.30.0-3-ga4e48a9924 (webtiles) character file.

Game seed: 17419512124875539806

798 hawla the Firebug (level 8, -4/58 HPs)
             Began as a Meteoran Fire Elementalist on May 7, 2023.
             Was an Initiate of Vehumet.
             Slain by a slime creature (6 damage)
             ... on level 8 of the Dungeon.
             The game lasted 00:07:18 (1615 turns).

hawla the Firebug (Meteoran Fire Elementalist)      Turns: 1615, Time: 00:07:18

Health: -4/58      AC:  2    Str:  9    XL:     8   Next: 35%
Magic:  20/25      EV: 14    Int: 19    God:    Vehumet [......]
Gold:   211        SH:  0    Dex: 20    Spells: 10/17 levels left

rFire   . . .        (no weapon)
rCold   + . .        (no shield)
rNeg    . . .        a - +0 robe
rPois   .            (no helmet)
rElec   .            (no cloak)
rCorr   .            (no gloves)
SInv    .            (no boots)
Will    +....        (no amulet)
Stlth   +            m - ring of magical power
HPRegen 0.29/turn    n - ring of Muguphuh {rC+ Dex+5}
MPRegen 0.19/turn

%: no passive effects
@: glowing
A: sense surroundings 1, otherworldly, glowing, explore regen
a: Renounce Religion


You were on level 8 of the Dungeon.
You worshipped Vehumet.
Vehumet was noncommittal.
You visited 2 branches of the dungeon, and saw 9 of its levels.

You collected 211 gold pieces.

Inventory:

Armour
 a - a +0 robe (worn)
Jewellery
 e - a ring of fire
 m - a ring of magical power (left hand)
 n - the ring of Muguphuh (right hand) {rC+ Dex+5}
   (You found it on level 4 of the Dungeon)

   [ring of protection from cold]

   Dex:       It affects your dexterity (+5).
   rC:        It protects you from cold.
 o - a +4 ring of protection
Wands
 d - a wand of flame (13) (quivered)
Scrolls
 h - a scroll of poison
 j - a scroll of immolation {unknown}
 k - 5 scrolls of identify
Potions
 b - a potion of magic
 f - a potion of ambrosia
 g - a potion of heal wounds
 i - a potion of curing {unknown}
 l - 3 potions of flight {unknown}
 p - a potion of invisibility {unknown}


   Skills:
 + Level 0.5 Fighting
 + Level 3.7 Dodging
 - Level 1.4 Stealth
 + Level 5.2 Spellcasting
 + Level 6.1 Conjurations
 + Level 6.3 Fire Magic
 + Level 3.0 Evocations


You had 10 spell levels left.
You knew the following spells:

 Your Spells              Type           Power      Damage    Failure   Level
a - Foxfire               Conj/Fire      100%       2x1d9     1%          1
b - Scorch                Fire           56%        2d7       1%          2
c - Flame Wave            Conj/Fire      28%        2d9       10%         4

Your spell library contained the following spells:

 Spells                   Type           Power      Damage    Failure   Level
 Inner Flame              Hex/Fire       16%        N/A       10%         3
 Volatile Blastmotes      Fire/Tloc      32%        2d12      10%         3


Dungeon Overview and Level Annotations

Branches:
Dungeon (9/15) Zot: 3203   Temple (1/1) D:5 Zot: 580     Orc (0/2) D:9
   Lair: D:8-11

Altars:
Ashenzari
Fedhas
Qazlal
Trog
Vehumet


Innate Abilities, Weirdness & Mutations

You passively map a small area around you.
You are easily found by Zot.
You glow in the dark.
You regain HP and MP as you explore.


Message History

The flame wave engulfs the plant!
The plant begins to die.
The plant is lightly damaged.
The flame wave engulfs the fungus!
The fungus begins to die.
The fungus is lightly damaged.
You finish channelling waves of flame.
You hear a loud, deep croak!
You hear a shout! x2
Something shouts, "Disclaim thyself, thou yeasty nose-picking guttersnipe!"
You hear a shout! x2
A bullfrog comes into view.
The bullfrog hits the fungus. x2; The fungus begins to die.
A large slime creature splits.
The slime creature barely misses you.
An orc comes into view. It is wielding a +0 trident.
The yak gores you!
The air fills with toxic fumes!
As you read the scroll labelled PUSOUCIASU, it crumbles to dust.
It was a scroll of poison.
A nearby plant withers and dies.
The bullfrog hits the fungus.
The fungus begins to die.
The bullfrog hits the fungus. x2; The scorpion stings the plant!
The plant begins to die.
The slime creature hits you!
The bullfrog hits the fungus!
The slime creature hits you!!
* * * LOW HITPOINT WARNING * * *
The orc hits the plant with a +0 trident.
The plant begins to die.
The slime creature hits you but does no damage.
The bullfrog hits the fungus!
The fungus begins to die.
The black bear completely misses the plant.
The black bear claws the plant.
The plant begins to die.
The black bear claws the plant.
The yak misses you.
You feel much better.
A nearby fungus withers and dies. x2
The scorpion stings the fungus!
The fungus begins to die.
The bullfrog is engulfed in poison gas.
The bullfrog is poisoned.
The bullfrog hits the fungus. x2; The scorpion stings the plant.
The black bear bites the plant!
The black bear claws the plant. x2
The orc throws a boomerang.
The boomerang barely misses you. The slime creature hits you!
* * * LOW HITPOINT WARNING * * *
The slime creature hits you.
* * * LOW HITPOINT WARNING * * *
The slime creature hits you.
You die... , , * P§PP.§P§§Po§# ,* PP§PP§§FPP§§

, * §PP§§FPPP§§#*
, Ps§§PPP§§§§####
*
§P§FPPP§§§§§§§§,
* §§PPPP§§..§§§§§
P§§§P§§.J§§§§§§ *
, §§§P§§Y@J§§§§§§
,
,§§§h§§§J§§§§§§§,
, ###§§§§§#######
#§§§#§§ #§##### *
, #§, , * ,§ , ,
#, * , ,


You could see 3 slime creatures, a yak, a black bear, 3 bullfrogs, a scorpion
and an orc.

Vanquished Creatures
  The ghost of NinjaNoafa the Conjurer, an amateur OpCj of Zin (D:4)
  2 ogres
  2 phantoms (D:5)
  A scorpion (D:5)
  2 hounds
  A gnoll bouda (D:4)
  An iguana (D:4)
  Jessica (D:3)
  2 orc wizards (D:3)
  3 gnolls (D:4)
  3 adders
  A worm (D:3)
  A dart slug (D:1)
  3 orcs
  6 ball pythons
  4 endoplasms
  2 giant cockroaches
  A goblin (D:3)
  8 hobgoblins
  2 kobolds
  2 quokkas (D:4)
  A bat (D:1)
  2 frilled lizards
  2 rats
54 creatures vanquished.

Vanquished Creatures (others)
  122 foxfires
  2 fungi (D:8)
  2 plants (D:8)
126 creatures vanquished.

Grand Total: 180 creatures vanquished

Notes
Turn   | Place    | Note
-------+----------+-------------------------------------------
     0 | D:1      | hawla the Meteoran Fire Elementalist began the quest for
                  | the Orb.
     0 | D:1      | Reached XP level 1. HP: 14/14 MP: 5/5
   100 | D:1      | Reached XP level 2. HP: 20/20 MP: 0/6
   184 | D:2      | Reached XP level 3. HP: 26/26 MP: 2/8
   307 | D:3      | Learned a level 2 spell: Scorch
   318 | D:3      | Reached skill level 5 in Fire Magic
   318 | D:3      | Reached XP level 4. HP: 33/33 MP: 4/9
   332 | D:3      | Learned a level 4 spell: Flame Wave
   387 | D:3      | Reached XP level 5. HP: 38/38 MP: 4/11
   448 | D:3      | Noticed Jessica
   456 | D:3      | Killed Jessica
   511 | D:4      | Found a blossoming altar of Fedhas.
   675 | D:4      | Reached XP level 6. HP: 18/45 MP: 9/12
   923 | D:4      | Identified the ring of Muguphuh {rC+ Dex+5}
  1047 | D:4      | Reached skill level 5 in Conjurations
  1052 | D:4      | Noticed an ogre
  1053 | D:4      | HP: 2/45 [ogre/+0 giant club (15)]
  1059 | D:4      | Killed an ogre
  1060 | D:4      | Reached XP level 7. HP: 18/50 MP: 2/13
  1091 | D:4      | Found a large runed translucent door.
  1091 | D:4      | Found a large runed translucent door.
  1093 | D:4      | Noticed NinjaNoafa's ghost (amateur OpCj)
  1180 | D:4      | Killed NinjaNoafa's ghost
  1223 | D:5      | Entered Level 5 of the Dungeon
  1346 | D:5      | Reached XP level 8. HP: 54/58 MP: 16/16
  1362 | D:5      | Found a staircase to the Ecumenical Temple.
  1404 | D:5      | Reached skill level 5 in Spellcasting
  1479 | Temple   | Entered the Ecumenical Temple
  1491 | Temple   | Became a worshipper of Vehumet
  1576 | D:6      | You fall into a shaft and drop 3 floors!
  1597 | D:9      | Noticed a slime creature
  1597 | D:9      | Noticed a slime creature
  1597 | D:9      | Noticed a slime creature
  1599 | D:9      | Noticed a slime creature
  1610 | D:8      | Noticed a yak
  1615 | D:8      | HP: 2/58 [slime creature (5)]
  1615 | D:8      | Slain by a slime creature

Illustrated notes

Levels and vault maps discovered:
D:1:      lemuel_arrival_funnel, layout_basic, nrook_mini_backslash
D:2:      cheibrodos_fertilizer, layout_basic, nrook_mini_vaults,
          chequers_serial_rivers_large_a
D:3:      layout_rooms, minmay_overflow_temple_star_quad,
          basic_ecumenical_altar, minmay_circle_x, uniq_jessica
D:4:      minmay_recursive_quarters, layout_basic,
          mainiacjoe_overflow_concentric_impassable,
          ebering_ghost_disaster_area, columned_hall_lemuel
D:5:      layout_loops_ring, temple_pool_b
D:6:      layout_rooms, hangedman_decor_peaks_small
D:8:      layout_rooms, nicolae_overflow_squiral, due_lair_maze_entry_diamond,
          enter_bailey_4, uniq_grum
D:9:      layout_rooms, mainiacjoe_overflow_alcove_4, orc_david_3,
          kennysheep_generic_room_6, uniq_erica, uniq_prince_ribbit1
Temple:   nicolae_temple_superstar

Skill      XL: |  1  2  3  4  5  6  7  8 |
---------------+-------------------------+-----
Fire Magic     | 4 5 6 |  6.3
Spellcasting   | 3 4 5 |  5.2
Conjurations   | 2 4 5 6 |  6.1
Evocations     | 2 3 |  3.0
Dodging        | 3 |  3.7
Fighting       | |  0.5
Stealth        | |  1.4

Action                     |  1- 3 |  4- 6 |  7- 9 || total
---------------------------+-------+-------+-------++-------
  Melee: Unarmed           |     5 |     6 |     1 ||    12
   Cast: Foxfire           |    24 |    44 |     6 ||    74
         Scorch            |       |     8 |    19 ||    27
         Flame Wave        |       |     2 |     2 ||     4
    Use: Scroll            |     3 |     1 |     2 ||     6
         Potion            |       |     2 |     1 ||     3
 Armour: Robe              |     2 |     3 |     1 ||     6
  Dodge: Dodged            |     6 |    12 |     9 ||    27
